 Dungeon Crawl Stone Soup version 0.29.1-2-gbd0b4ee654 (webtiles) character file.

Game seed: 355571954485057681

102 Haldmier the Charlatan (level 4, -1/35 HPs)
             Began as a Demigod Artificer on Nov 30, 2022.
             Slain by a goblin
             ... wielding a +0 club
              (2 damage)
             ... on level 3 of the Dungeon.
             The game lasted 00:08:17 (2402 turns).

Haldmier the Charlatan (Demigod Artificer)          Turns: 2402, Time: 00:08:18

Health: -1/35      AC:  3    Str: 13    XL:     4   Next: 26%
Magic:  7/7        EV: 11    Int: 17    God:
Gold:   25         SH:  0    Dex: 14    Spells: 3/4 levels left

rFire   + . .      SeeInvis .   a - +0 quarterstaff
rCold   + . .      Faith    .   (shield currently unavailable)
rNeg    . . .      Spirit   .   i - +0 leather armour
rPois   .          Reflect  .   (no helmet)
rElec   .          Harm     .   h - scarf {rC+ rF+}
rCorr   .          Rampage  .   (no gloves)
Will    .....                   (no boots)
Stlth   ++........              (no amulet)
HPRegen 0.11/turn               (no ring)
MPRegen 0.10/turn               (no ring)

@: no status effects
A: high MP 1, forlorn, divine attributes
a: no special abilities


You were on level 3 of the Dungeon.
You visited 1 branch of the dungeon, and saw 3 of its levels.

You collected 25 gold pieces.

Inventory:

Hand Weapons
 a - a +0 quarterstaff (weapon)
 b - a +0 sling
 j - a +0 club
Missiles
 f - 26 stones (quivered)
Armour
 h - a scarf of resistance (worn)
 i - a +0 leather armour (worn)
 k - a +0 ring mail
Wands
 c - a wand of flame (11)
 d - a wand of charming (14)
 e - a wand of iceblast (5)
Scrolls
 g - a scroll of magic mapping {unknown}
 o - 2 scrolls of teleportation {unknown}
 s - a scroll of identify {unknown}
 t - a scroll of enchant weapon {unknown}
Potions
 l - a potion of heal wounds {unknown}
 m - a potion of haste {unknown}
 n - a potion of attraction {unknown}
 p - a potion of degeneration {unknown}
 q - a potion of curing
 r - a potion of brilliance {unknown}


   Skills:
 + Level 1.4 Fighting
 - Level 1.7 Maces & Flails
 - Level 2.0 Armour
 + Level 1.7 Dodging
 + Level 1.7 Stealth
 + Level 0.8 Spellcasting
 + Level 1.0 Conjurations
 + Level 0.6 Air Magic
 - Level 2.6 Evocations


You had 3 spell levels left.
You knew the following spells:

 Your Spells              Type           Power      Damage    Failure   Level
a - Shock                 Conj/Air       12%        1d3       21%         1

Your spell library contained the following spells:

 Spells                   Type           Power      Damage    Failure   Level
 Static Discharge         Conj/Air       3%         3-4/arc   30%         2
 Swiftness                Air            2%         N/A       54%         3
 Airstrike                Air            1%         2d(1-17)  91%         4
 Lightning Bolt           Conj/Air       1%         1d12      99%         5
 Maxwell's Capacitive Co  Air            1%         ∞         100%        8


Dungeon Overview and Level Annotations

Branches:
Dungeon (3/15)

Annotations:
D:2 Sigmund


Innate Abilities, Weirdness & Mutations

You have an increased reservoir of magic. (+10% MP)
You shall have no god before yourself.
Your divine heritage dramatically boosts your attributes as you level up.


Message History

The goblin hits your gnoll with a +0 dagger.
Your gnoll closely misses the goblin.
There is a stone staircase leading down here.
The goblin hits your gnoll with a +0 dagger.
Your gnoll hits the goblin with a +0 flail!
The goblin dies!
Your gnoll hits the rat with a +0 flail!
The rat dies!
You hit the goblin.
The goblin is severely wounded.
The goblin hits you with a +0 dagger. The goblin barely misses your gnoll.
You hit the goblin.
You kill the goblin!
The goblin hits your gnoll with a +0 club.
Your gnoll dies!
Your Conjurations skill increases to level 1!
You hit the hobgoblin.
The hobgoblin is moderately wounded.
The hobgoblin closely misses you. The goblin hits you but does no damage.
The hobgoblin barely misses you.
You hit the hobgoblin.
The hobgoblin is severely wounded.
The hobgoblin hits you but does no damage.
The goblin hits you with a +0 club.
You sock the hobgoblin!
You kill the hobgoblin!
The goblin hits you with a +0 club.
* * * LOW HITPOINT WARNING * * *
The goblin closely misses you.
Things that are here:
a +0 dagger; a goblin corpse You barely miss the goblin.
The goblin hits you with a +0 club.
* * * LOW HITPOINT WARNING * * *
You completely miss the goblin. The goblin hits you with a +0 club.
* * * LOW HITPOINT WARNING * * *
The goblin hits you but does no damage.
You closely miss the goblin.
A hobgoblin comes into view.
The goblin hits you with a +0 club.
You die...

$$#.## g.#..## g.#...## #
#.##..## g#
rg#.#...############.####
S.##.##..................
..S.#.#.......####....#
.#..##.##.....##g...#
......#)#...).).@>.#
>##...###......##### .
#.#..........#
...###.......##
..####...######
.......### #.###....#
#.##.### #.. #...######.#


You could see a hobgoblin (wandering) and a goblin.

Vanquished Creatures
  Jessica (D:2)
  An adder (D:3)
  A worm (D:2)
  A dart slug (D:1)
  3 ball pythons
  4 endoplasms
  3 giant cockroaches
  5 hobgoblins
  9 jackals
  2 kobolds (D:2)
  3 bats
  A frilled lizard (D:2)
  5 goblins
  A rat (D:1)
40 creatures vanquished.

Vanquished Creatures (collateral kills)
  An adder (D:3)
  A goblin (D:3)
  A rat (D:3)
3 creatures vanquished.

Vanquished Creatures (others)
  A gnoll (D:3)
1 creature vanquished.

Grand Total: 44 creatures vanquished

Notes
Turn   | Place    | Note
-------+----------+-------------------------------------------
     0 | D:1      | Haldmier the Demigod Artificer began the quest for the Orb.
     0 | D:1      | Reached XP level 1. HP: 15/15 MP: 3/3
   199 | D:1      | Reached skill level 1 in Maces & Flails
   419 | D:1      | Reached XP level 2. HP: 11/22 MP: 4/4
   885 | D:1      | Reached skill level 1 in Fighting
   885 | D:1      | Reached skill level 1 in Dodging
   885 | D:1      | Reached skill level 1 in Stealth
  1258 | D:1      | Learned a level 1 spell: Shock
  1432 | D:2      | Reached XP level 3. HP: 21/28 MP: 5/5
  1827 | D:2      | Noticed Jessica
  1832 | D:2      | Killed Jessica
  2111 | D:2      | Noticed Sigmund
  2229 | D:3      | Reached XP level 4. HP: 35/35 MP: 7/7
  2394 | D:3      | Reached skill level 1 in Conjurations
  2401 | D:3      | HP: 1/35 [goblin/+0 club (4)]
  2402 | D:3      | Slain by a goblin

Illustrated notes

Levels and vault maps discovered:
D:1:      dpeg_arrival_signposts, layout_rooms, dreamdust_princess_bridge
D:2:      layout_basic, roderic_roman_lattice, uniq_jessica, uniq_sigmund
D:3:      layout_rooms, dk_noncrumbling_2, minmay_vboxes

Skill      XL: |  1  2  3  4 |
---------------+-------------+-----
Maces & Flails | 1 |  1.7
Fighting       | 1 |  1.4
Dodging        | 1 |  1.7
Stealth        | 1 |  1.7
Armour         | 2 |  2.0
Conjurations   | 1 |  1.0
Spellcasting   | |  0.8
Air Magic      | |  0.6
Evocations     | |  2.6

Action                   |  1- 3 |  4- 6 || total
-------------------------+-------+-------++-------
Melee: Club              |    47 |       ||    47
       Quarterstaff      |    94 |    12 ||   106
Throw: Stone             |     7 |       ||     7
Evoke: Wand              |     4 |     1 ||     5
 Stab: Sleeping          |     3 |       ||     3
Armor: Leather armour    |    13 |     3 ||    16
       Ring mail         |    45 |       ||    45
Dodge: Dodged            |   102 |     5 ||   107
